Map: Prüfung von Aiur LE

Players

TicTac - Winner!

  • Race: Zerg Zerg
  • League: Diamond
  • Spawn Location: 11:00

Panda

  • Race: Zerg Zerg
  • League: Diamond
  • Spawn Location: 5:00

VOD

Have the link to the VOD?

Description

Time

  • Played on: Sept. 9, 2017, 8:22 p.m.
  • Length: 4:51
Show
View Real Time Build Order
Export as new Build Order

TicTac Zerg - Winner!

Build Orders: Hatch First 

Get SALT Encoding   

  12  0:01  Drone  
  13  0:12  Overlord  
  13  0:17  Drone  
  14  0:30  Drone x2  
  14  0:34  Drone  
  17  0:52  Hatchery  
  17  0:54  Drone  
  17  0:57  Extractor  
  17  1:00  Drone  
  17  1:13  Spawning Pool  
  17  1:17  Drone  
  17  1:20  Drone  
  18  1:28  Drone  
  19  1:43  Drone  
  20  1:56  Overlord  
  20  2:02  Queen, Metabolic Boost  
  20  2:04  Queen  
  20  2:05  Zergling x2  
  26  2:08  Zergling x2  
  26  2:11  Zergling x2  
  27  2:16  Zergling x2  
  27  2:22  Zergling x2  
  29  2:26  Overlord  
  29  2:35  Zergling x2  
  30  2:38  Zergling x2  
  31  2:47  Zergling x4  
  33  2:57  Zergling x2  
  34  3:01  Zergling x2  
  35  3:05  Zergling x2  
  35  3:09  Zergling x2  
  37  3:14  Overlord  
  37  3:15  Zergling x2  
  37  3:16  Zergling x8  
  42  3:23  Zergling x2  
  42  3:24  Zergling x2  
  44  3:32  Overlord  
  44  3:46  Zergling x6  
  44  3:47  Zergling x6  
  42  3:51  Zergling x6  
  45  4:06  Zergling x6  
  48  4:10  Spine Crawler  
  48  4:11  Spine Crawler  
  46  4:20  Zergling x8  
  46  4:21  Zergling x2  
  51  4:26  Zergling x6  
Show
View Real Time Build Order
Export as new Build Order

Panda Zerg 

Build Orders: Hatch First 

Get SALT Encoding   

  12  0:02  Drone  
  13  0:12  Drone  
  14  0:16  Overlord  
  14  0:35  Drone x3  
  17  0:55  Hatchery  
  16  0:59  Drone  
  16  1:02  Extractor  
  16  1:03  Drone  
  17  1:17  Spawning Pool  
  16  1:19  Drone  
  17  1:32  Drone x2  
  19  1:41  Overlord  
  19  1:50  Overlord  
  19  2:05  Roach Warren  
  19  2:07  Overlord  
  18  2:17  Queen  
  18  2:21  Queen  
  22  2:34  Metabolic Boost  
  22  2:45  Roach x3  
  22  2:49  Roach  
  30  2:55  Roach  
  32  3:05  Roach  
  34  3:13  Roach  
  36  3:23  Roach  
  36  3:24  Zergling x8  
  42  3:28  Zergling x2  
  43  3:40  Zergling x6  
  41  3:49  Zergling x6  
  44  3:59  Zergling x4  
  46  4:09  Roach x2  
  50  4:10  Zergling x2  
  51  4:23  Zergling x6  
Tags
 
Add a new tag
Caveats
  • Supply blocks, unpowered buildings, or Contaminate may cause inaccurate times.
  • Supply counts are checked every 10 seconds.